 Dungeon Crawl Stone Soup version 0.25-a0-167-g836c352ace (webtiles) character file.

Game seed: 11427436566154613126, levelgen mode: deterministic

22505 Arum the Impaler (level 13, -2/111 HPs)
             Began as a Merfolk Gladiator on Nov 25, 2019.
             Was a High Priest of Ru.
             Slain by a nine-headed hydra (15 damage)
             ... on level 13 of the Dungeon.
             The game lasted 00:32:59 (15460 turns).

Arum the Impaler (Merfolk Gladiator)               Turns: 15460, Time: 00:33:00

Health: -2/111     AC:  5    Str: 15    XL:     13   Next: 0%
Magic:  13/13      EV: 19    Int:  9    God:    Ru [*****.]
Gold:   1046       SH:  0    Dex: 18    Spells: 12/12 levels left

rFire    . . .     SeeInvis .   N - +2 spear (vamp)
rCold    . . .     Gourm    .   (no shield)
rNeg     . . .     Faith    .   s - +0 scale mail (curse)
rPois    .         Spirit   .   M - +2 helmet
rElec    .         Reflect  .   x - +0 cloak
rCorr    .         Harm     .   (no gloves)
MR       +....                  (no boots)
Stlth    ..........             (no amulet)
HPRegen  0.28/turn              p - +2 ring of slaying
MPRegen  0.13/turn              D - ring of protection from magic

@: no status effects
A: change form in water, swift swim, stealthy swim, no stealth, inability to use
devices, hated by all, reduced AC 1
a: Draw Out Power, Power Leap, Apocalypse, Renounce Religion


You were on level 13 of the Dungeon.
You worshipped Ru.
Ru was extremely pleased with you.
You were not hungry.

You visited 2 branches of the dungeon, and saw 14 of its levels.

You collected 1046 gold pieces.

Inventory:

Hand Weapons
 N - a +2 vampiric spear (weapon)
 P - a +3 halberd of chopping
Missiles
 d - 3 throwing nets (quivered)
 i - 3 javelins
 J - 16 poisoned darts
Armour
 a - the +1 chain mail of Moral Flaws {*Contam rPois rF++ Slay+2}
   (You found it on level 9 of the Dungeon)

   It affects your accuracy and damage with ranged weapons and melee attacks
   (+2).
   It greatly protects you from fire.
   It protects you from poison.
   It causes magical contamination when unequipped.
 n - a +0 ring mail
 s - a cursed +0 scale mail (worn)
 x - a +0 cloak (worn)
 K - a +3 plate armour of cold resistance
 M - a +2 helmet (worn)
Jewellery
 p - a +2 ring of slaying (left hand)
 t - an uncursed ring of ice
 y - an uncursed ring of wizardry
 A - a +5 ring of protection {unknown}
 D - a ring of protection from magic (right hand)
 E - an uncursed amulet of regeneration {unknown}
Scrolls
 c - 2 scrolls of enchant armour {unknown}
 e - 11 scrolls of teleportation
 h - 2 scrolls of fear {unknown}
 k - 8 scrolls of identify
 u - 3 scrolls of remove curse
 w - a scroll of amnesia
 C - a scroll of vulnerability {unknown}
 F - 3 scrolls of fog {unknown}
 G - 2 scrolls of random uselessness {unknown}
 I - 2 scrolls of silence {unknown}
 L - a scroll of holy word {unknown}
Potions
 b - 3 potions of flight {unknown}
 g - a potion of invisibility {unknown}
 j - 2 potions of brilliance {unknown}
 l - 6 potions of heal wounds {unknown}
 m - a potion of cancellation {unknown}
 o - 2 potions of agility {unknown}
 q - 4 potions of might {unknown}
 r - 4 potions of mutation
 v - 3 potions of curing
 z - a potion of lignification {unknown}
 H - 2 potions of berserk rage {unknown}
Miscellaneous
 B - a lightning rod (4/4)
Comestibles
 f - 28 rations
 O - 3 chunks of flesh


   Skills:
 + Level 13.3 Fighting
 + Level 16.8 Polearms
 - Level 2.0 Throwing
 + Level 15.6 Dodging


You had 12 spell levels left.
You didn't know any spells.
Your spell library contained the following spells:

 Spells                   Type           Power        Failure   Level  Hunger
 Beastly Appendage        Tmut           #.....       86%         1    ##.....
 Poisonous Vapours        Pois/Air       #.....       95%         2    ###....
 Conjure Flame            Conj/Fire      #.......     99%         3    ####...
 Mephitic Cloud           Conj/Pois/Air  #.......     99%         3    ####...
 Ice Form                 Ice/Tmut       #.......     100%        4    #####..
 Leda's Liquefaction      Hex/Erth       #.........   100%        4    #####..
 Alistair's Intoxication  Tmut/Pois      #.......     100%        5    ######.
 Freezing Cloud           Conj/Ice/Air   #.........   100%        6    #######
 Hydra Form               Tmut           #.........   100%        6    #######
 Ring of Flames           Chrm/Fire      #.........   100%        7    #######
 Summon Small Mammal      Summ           Unusable     N/A         1    N/A
 Call Imp                 Summ           Unusable     N/A         2    N/A
 Call Canine Familiar     Summ           Unusable     N/A         3    N/A
 Summon Guardian Golem    Hex/Summ       Unusable     N/A         3    N/A
 Summon Ice Beast         Ice/Summ       Unusable     N/A         4    N/A
 Summon Lightning Spire   Summ/Air       Unusable     N/A         4    N/A

Dungeon Overview and Level Annotations

Branches:
Dungeon (13/15)            Temple (1/1) D:6            Lair (0/6) D:8
    Orc (0/2) D:11
 Vaults: D:13-14

Altars:
Ashenzari
Cheibriados
Dithmenos
Elyvilon
Fedhas
Gozag
Hepliaklqana
Kikubaaqudgha
Makhleb
Nemelex Xobeh
Okawaru
Qazlal
Ru
Sif Muna
Trog
Uskayaw
Vehumet
Wu Jian
Xom
Yredelemnul
Zin
The Shining One
Beogh

Shops:
D:9 (:


Innate Abilities, Weirdness & Mutations

You revert to your normal form in water.
You are very nimble and swift while swimming.
You are very stealthy in the water. (Stealth+)
You cannot be stealthy.
You cannot study or use magical devices.
You are hated by all.
You take slightly more damage. (AC -5)


Message History

The nine-headed hydra is almost dead.
The nine-headed hydra bites you! The nine-headed hydra misses you.
The nine-headed hydra barely misses you. x2
The nine-headed hydra bites you!
* * * LOW HITPOINT WARNING * * *
The nine-headed hydra closely misses you. x2
The nine-headed hydra barely misses you. x2
Unknown command.
Unknown command.
You hit the nine-headed hydra.
You feel better.
The nine-headed hydra is almost dead.
The nine-headed hydra barely misses you.
The nine-headed hydra misses you. x2
The nine-headed hydra barely misses you.
The nine-headed hydra closely misses you.
The nine-headed hydra bites you!
* * * LOW HITPOINT WARNING * * *
The nine-headed hydra closely misses you.
The nine-headed hydra bites you!
You die...

... ... ###### ....
.....## ..... .......
≈≈≈≈.##### #.....#
≈≈≈≈.....# #.....# #.#
.≈≈≈≈≈≈..#####.....# #.#
≈≈≈Y≈≈≈.D@|........# #.#.#
.≈≈≈≈≈≈..####......###.#..
.............(..........>.
.≈≈≈≈≈≈..####(†....#.#.#..
.≈≈≈≈≈#..# #......#.#.#.#
..≈≈≈##..# #.(....#.#.#.#
≈.≈≈. ...# #.#.####.#.#.#
#..#. ...# #.#....#.#..††
#.####.#.#)#.#


You could see a nine-headed hydra (blind) and an elephant.

Vanquished Creatures
  4 two-headed ogres
  A centaur warrior (D:13)
  4 skeletal warriors
  Pikel (D:7)
  A manticore (D:10)
  4 ugly things
  3 cyclopes
  2 centaur skeletons (D:12)
  A queen bee (D:9)
  A komodo dragon (D:11)
  A merfolk (D:10)
  A troll (D:11)
  A hippogriff (D:9)
  A water elemental (D:13)
  A shadow (D:12)
  A wyvern (D:10)
  2 vampires (D:12)
  10 yaks
  A basilisk (D:11)
  2 hungry ghosts
  A swamp worm (D:9)
  A soldier ant (D:12)
  A water moccasin (D:6)
  14 black bears
  A slave (D:7)
  8 orc warriors
  5 ice beasts
  5 sky beasts
  9 centaurs
  9 ogres
  5 big kobolds
  2 gnoll sergeants (D:10)
  11 bullfrogs
  A water moccasin zombie (D:4)
  5 scorpions
  12 killer bees
  9 electric eels (D:10)
  6 crimson imps
  A centaur zombie (D:12)
  2 quasits (D:11)
  2 bullfrog zombies
  9 hounds
  9 orc priests
  3 jellies
  3 bullfrog skeletons
  3 gnoll shamans (D:10)
  9 orc wizards
  2 iguanas
  Terence (D:2)
  7 worker ants
  A hound skeleton (D:9)
  2 worker ant zombies
  15 adders
  4 gnolls (D:5)
  A howler monkey skeleton (D:5)
  4 shadow imps
  4 oozes
  2 adder skeletons
  2 adder zombies (D:5)
  6 worms
  A dart slug (D:2)
  9 leopard geckos
  50 orcs
  3 giant cockroaches
  11 goblins
  11 hobgoblins
  15 jackals
  6 quokkas
  3 ball pythons
  15 bats
  8 frilled lizards
  3 jackal skeletons (D:5)
  A jackal zombie (D:6)
  13 kobolds
  2 leopard gecko skeletons (D:4)
  A leopard gecko zombie (D:6)
  15 rats
  3 plants
410 creatures vanquished.

Vanquished Creatures (collateral kills)
  6 killer bees (D:9)
6 creatures vanquished.

Vanquished Creatures (others)
  A hog (D:10)
  An orc warrior (D:10)
  A centaur (D:12)
  A killer bee (D:9)
  A hound zombie (D:7)
  An orc (D:11)
  14 plants
20 creatures vanquished.

Grand Total: 436 creatures vanquished

Notes
Turn   | Place    | Note
-------+----------+-------------------------------------------
     0 | D:1      | Arum the Merfolk Gladiator began the quest for the Orb.
     0 | D:1      | Reached XP level 1. HP: 16/16 MP: 1/1
    59 | D:1      | Reached XP level 2. HP: 21/23 MP: 2/2
   332 | D:1      | Reached XP level 3. HP: 28/28 MP: 3/3
   456 | D:1      | Reached skill level 5 in Polearms
   959 | D:2      | Reached skill level 5 in Dodging
   959 | D:2      | Reached XP level 4. HP: 33/35 MP: 4/4
  1453 | D:2      | Reached XP level 5. HP: 33/42 MP: 5/5
  1608 | D:2      | Noticed Terence
  1626 | D:2      | Killed Terence
  1960 | D:3      | Reached skill level 6 in Polearms
  2263 | D:3      | Noticed an ogre
  2296 | D:3      | Killed an ogre
  2296 | D:3      | Reached XP level 6. HP: 41/49 MP: 6/6
  2920 | D:4      | Reached skill level 7 in Polearms
  3123 | D:4      | Reached skill level 5 in Fighting
  3123 | D:4      | Reached XP level 7. HP: 50/56 MP: 7/7
  3831 | D:5      | Entered Level 5 of the Dungeon
  3976 | D:5      | Reached skill level 8 in Polearms
  4460 | D:5      | Reached XP level 8. HP: 46/64 MP: 8/8
  4717 | D:5      | Reached skill level 9 in Polearms
  4976 | D:6      | Found a staircase to the Ecumenical Temple.
  5017 | Temple   | Entered the Ecumenical Temple
  5697 | Temple   | Became a worshipper of Ru the Awakened
  5849 | D:6      | Reached skill level 10 in Polearms
  5924 | D:6      | Reached XP level 9. HP: 60/72 MP: 9/9
  6457 | D:7      | Reached skill level 10 in Dodging
  6481 | D:7      | Noticed Pikel
  6496 | D:7      | Killed Pikel
  6496 | D:7      | Reached skill level 11 in Polearms
  6867 | D:7      | Gained mutation: You cannot be stealthy. [Ru sacrifice]
  6951 | D:7      | Noticed a cyclops
  6958 | D:7      | Killed a cyclops
  6958 | D:7      | Reached skill level 12 in Polearms
  6958 | D:7      | Reached XP level 10. HP: 83/83 MP: 10/10
  7239 | D:8      | Noticed a two-headed ogre
  7367 | D:7      | Killed a two-headed ogre
  7615 | D:8      | Found a staircase to the Lair.
  7967 | D:8      | Got a bone spear
  7991 | D:8      | Identified the cursed +0 spear of Conscience {chaos, *Slow
                  | Str+2 Int+2} (You found it on level 8 of the Dungeon)
  8404 | D:9      | Reached skill level 10 in Fighting
  8613 | D:9      | Reached skill level 13 in Polearms
  8875 | D:9      | Found Enlaux's Book Shop.
  8877 | D:9      | Found Lemaykk's Weapon Boutique.
  9086 | D:9      | Noticed a two-headed ogre
  9104 | D:9      | Killed a two-headed ogre
  9104 | D:9      | Reached XP level 11. HP: 92/92 MP: 11/11
  9337 | D:9      | Gained mutation: You cannot study or use magical devices.
                  | [Ru sacrifice]
  9337 | D:9      | Reached * piety under Ru
  9337 | D:9      | Reached ** piety under Ru
  9337 | D:9      | Reached *** piety under Ru
  9366 | D:9      | Found an iron altar of Okawaru.
  9384 | D:9      | Got a polished chain mail
  9385 | D:9      | Identified the +1 chain mail of Moral Flaws {*Contam rPois
                  | rF++ Slay+2} (You found it on level 9 of the Dungeon)
  9726 | D:10     | Entered Level 10 of the Dungeon
  9926 | D:10     | Reached skill level 14 in Polearms
 10152 | D:10     | Noticed a manticore
 10165 | D:10     | HP: 3/93 [manticore (8)]
 10166 | D:10     | Killed a manticore
 11492 | D:10     | Found a bloodstained altar of Trog.
 11567 | D:10     | Noticed a two-headed ogre
 11600 | D:10     | Killed a two-headed ogre
 11839 | D:10     | Reached skill level 15 in Polearms
 11851 | D:10     | Gained mutation: You take slightly more damage. (AC -5) [Ru
                  | sacrifice]
 11851 | D:10     | Reached **** piety under Ru
 11867 | D:10     | Identified the Disquisition on Mutagenic Stones
 12422 | D:11     | Reached XP level 12. HP: 94/102 MP: 12/12
 12637 | D:11     | Found a roughly hewn altar of Beogh.
 12637 | D:11     | Found a staircase to the Orcish Mines.
 12943 | D:12     | Noticed a two-headed ogre
 12970 | D:12     | Killed a two-headed ogre
 13402 | D:11     | HP: 5/103 [cyan ugly thing (13)]
 13868 | D:12     | Reached skill level 16 in Polearms
 14021 | D:11     | Reached skill level 15 in Dodging
 15082 | D:13     | Noticed a centaur warrior
 15097 | D:13     | Killed a centaur warrior
 15323 | D:13     | Reached XP level 13. HP: 80/111 MP: 13/13
 15324 | D:13     | Gained mutation: You are hated by all. [Ru sacrifice]
 15324 | D:13     | Reached ***** piety under Ru
 15460 | D:13     | Slain by a nine-headed hydra

Levels and vault maps discovered:
D:1:      dpeg_arrival_erosion, layout_loops_cross
D:2:      minmay_razor_zed, layout_basic, first_ration, minmay_pentomino_v2,
          uniq_terence
D:3:      cheibrodos_thug_alley, layout_basic
D:4:      minmay_polygon_palace, layout_basic, glass_columns_c
D:5:      layout_basic, serial_park_tiny_1
D:6:      minmay_angry_zag, layout_loops_ring, minmay_temple_entry_junction
D:7:      layout_loops_ring, uniq_pikel
D:8:      layout_cave_pools, lair_entry_dummy
D:9:      layout_stronghold, kennysheep_little_box, serial_shops, shop, shop,
          david_nohive_1, worms_lemuel
D:10:     kennysheep_town
D:11:     layout_roguey, david_orc_5
D:12:     layout_cave_pools
D:13:     layout_basic, david_vaults_2, serial_shops, shop, uniq_nessos
Temple:   nicolae_temple_the_god_donut

Skill      XL: |  1  2  3  4  5  6  7  8  9 10 11 12 |
---------------+-------------------------------------+-----
Polearms       | 5 6 7 8 10 12 13 15 16 | 16.8
Fighting       | 3 4 5 6 7 9 10 12 13 | 13.3
Dodging        | 5 6 7 9 11 12 14 15 | 15.6
Throwing       | |  2.0

Action                   |  1- 3 |  4- 6 |  7- 9 | 10-12 | 13-15 || total
-------------------------+-------+-------+-------+-------+-------++-------
Melee: Trident           |   144 |   275 |   137 |       |       ||   556
       Halberd           |       |       |   208 |   677 |     9 ||   894
       Spear             |       |       |       |   310 |     5 ||   315
       Tailslap          |       |       |       |     8 |       ||     8
Throw: Throwing net      |       |       |       |     3 |       ||     3
       Dart              |       |       |       |     1 |       ||     1
       Javelin           |       |       |       |     1 |       ||     1
Invok: Sacrifice Stealth |       |       |     1 |       |       ||     1
       Sacrifice Health  |       |       |       |     1 |       ||     1
       Sacrifice Artific |       |       |       |     1 |       ||     1
       Draw Out Power    |       |       |       |     2 |       ||     2
       Sacrifice Love    |       |       |       |       |     1 ||     1
Evoke: Wand              |       |       |       |    10 |       ||    10
  Use: Scroll            |       |       |       |     8 |       ||     8
       Potion            |       |       |       |     4 |       ||     4
 Stab: Sleeping          |     1 |       |       |       |       ||     1
       Held in net/web   |       |       |       |     3 |       ||     3
       Invisible         |       |       |       |     8 |     2 ||    10
       Distracted        |       |       |       |     1 |       ||     1
       Paralysed         |       |       |       |     1 |       ||     1
  Eat: Chunk             |       |     8 |    12 |    24 |       ||    44
       Ration            |       |       |       |     1 |       ||     1
Armor: Leather armour    |    16 |       |       |       |       ||    16
       Ring mail         |    13 |    53 |    49 |    47 |       ||   162
       Scale mail        |       |       |       |    43 |     2 ||    45
Dodge: Dodged            |    94 |   144 |   179 |   453 |    36 ||   906

Table legend:
 A = Non-vault XP
 B = Vault XP
 C = Vault XP percentage of total XP
 D = Non-vault monster count
 E = Vault monster count
 F = Vault count percentage of total count
                 A         B        C        D         E       F
            +---------+---------+-------+---------+---------+-------
      Total |   24358 |    7793 |  24.2 |     308 |     106 |  25.6
            +---------+---------+-------+---------+---------+-------
        D:1 |      59 |       0 |   0.0 |      32 |       0 |   0.0
        D:2 |      96 |      55 |  36.4 |      30 |      12 |  28.6
        D:3 |     188 |     109 |  36.7 |      24 |      10 |  29.4
        D:4 |     209 |      90 |  30.1 |      14 |       6 |  30.0
        D:5 |     815 |       0 |   0.0 |      35 |       0 |   0.0
        D:6 |    1202 |     164 |  12.0 |      25 |       3 |  10.7
        D:7 |    2515 |     629 |  20.0 |      27 |       1 |   3.6
        D:8 |     937 |       0 |   0.0 |      11 |       0 |   0.0
        D:9 |    2367 |    1148 |  32.7 |      23 |      14 |  37.8
       D:10 |    1844 |    4853 |  72.5 |      20 |      39 |  66.1
       D:11 |    5895 |     745 |  11.2 |      27 |      21 |  43.8
       D:12 |    5947 |       0 |   0.0 |      25 |       0 |   0.0
       D:13 |    2284 |       0 |   0.0 |      15 |       0 |   0.0
            +---------+---------+-------+---------+---------+-------
